 Dungeon Crawl Stone Soup version 0.30.1 (webtiles) character file.

Game seed: 12607076917694092009

95 Descartes the Conjurer (level 4, 0/24 HPs)
             Began as a Deep Elf Conjurer on July 12, 2023.
             Slain by an iguana (5 damage)
             ... on level 3 of the Dungeon.
             The game lasted 00:02:47 (2024 turns).

Descartes the Conjurer (Deep Elf Conjurer)          Turns: 2024, Time: 00:02:47

Health: 0/24       AC:  3    Str:  4    XL:     4   Next: 39%
Magic:  0/12       EV: 13    Int: 25    God:
Gold:   99         SH:  0    Dex: 13    Spells: 11/12 levels left

rFire   . . .        (no weapon)
rCold   . . .        (no shield)
rNeg    . . .        a - +0 robe
rPois   .            (no helmet)
rElec   .            (no cloak)
rCorr   .            f - +0 pair of gloves
SInv    .            (no boots)
Will    .....        (no amulet)
Stlth   ++           (no ring)
HPRegen 0.24/turn    (no ring)
MPRegen 0.13/turn

%: no passive effects
@: no status effects
A: no striking features
a: no special abilities


You were on level 3 of the Dungeon.
You visited 1 branch of the dungeon, and saw 3 of its levels.

You collected 99 gold pieces.

Inventory:

Armour
 a - a +0 robe (worn)
 f - a +0 pair of gloves (worn)
Scrolls
 c - 3 scrolls of identify {unknown}
 e - 2 scrolls of amnesia {unknown}
 j - a scroll of fog {unknown}
 k - a scroll of poison {unknown}
Potions
 b - a potion of magic
 d - 2 potions of resistance {unknown}
 g - a potion of might {unknown}
 h - a potion of invisibility {unknown}
 i - a potion of heal wounds {unknown}
 l - a potion of curing {unknown}


   Skills:
 + Level 3.3 Dodging
 - Level 2.4 Stealth
 * Level 4.6 Spellcasting
 * Level 5.3 Conjurations


You had 11 spell levels left.
You knew the following spells:

 Your Spells              Type           Power      Damage    Failure   Level
a - Magic Dart            Conj           100%       1d8       1%          1

Your spell library contained the following spells:

 Spells                   Type           Power      Damage    Failure   Level
 Searing Ray              Conj           64%        2d6       1%          2
 Dazzling Flash           Conj/Hex       38%        N/A       9%          3
 Fulminant Prism          Conj/Hex       9%         3d7       28%         4
 Iskenderun's Mystic Bla  Conj/Tloc      19%        2d6       28%         4


Dungeon Overview and Level Annotations

Branches:
Dungeon (3/15)

Altars:


Message History

Confirm with . or Enter, or press ? or * to list all spells.
Aiming: Magic Dart (safe; 1% risk of failure)
Press: ? - help, Shift-Dir - straight line, f/p - iguana
Aim: an iguana (lightly wounded, 100% to hit)
The magic dart hits the iguana.
The iguana is moderately wounded.
The iguana closely misses you.
Casting: Magic Dart (safe; 1% risk of failure)
Confirm with . or Enter, or press ? or * to list all spells.
Aiming: Magic Dart (safe; 1% risk of failure)
Press: ? - help, Shift-Dir - straight line, f/p - iguana
Aim: an iguana (moderately wounded, 100% to hit)
The magic dart hits the iguana.
The iguana is severely wounded.
The iguana closely misses you.
Casting: Magic Dart (safe; 1% risk of failure)
Confirm with . or Enter, or press ? or * to list all spells.
Aiming: Magic Dart (safe; 1% risk of failure)
Press: ? - help, Shift-Dir - straight line, f/p - iguana
Aim: an iguana (severely wounded, 100% to hit)
The magic dart hits the iguana but does no damage.
The iguana is severely wounded.
The iguana closely misses you. The iguana attacks as you move away!
The iguana bites you! The iguana attacks as you move away!
The iguana bites you.
* * * LOW HITPOINT WARNING * * *
The iguana attacks as you move away! The iguana completely misses you.
The kobold throws a stone.
The stone hits you but does no damage. The iguana attacks as you move away!
The iguana misses you.
Casting: Magic Dart (safe; 1% risk of failure)
Confirm with . or Enter, or press ? or * to list all spells.
Aiming: Magic Dart (safe; 1% risk of failure)
Press: ? - help, Shift-Dir - straight line, f/p - iguana
Aim: an iguana (severely wounded, 100% to hit)
The magic dart hits the iguana but does no damage.
The iguana is severely wounded.
The iguana closely misses you.
Unknown command.
The iguana attacks as you move away! The iguana bites you.
You die...

# #.# .#.# #.# #.
#.##.#.# #.# #..
#.##.#.# #.# #...
#.##.#.# #[#
##....#.##.#)# #.#
......).##.#<# #.#
......#.K#.#######.#
..... #....#..)....#
.... #.#.l@..######
... #.##.#..# ..
..##.#..## #
##.##.#...#
#....#.#.#
##########


You could see an iguana and a kobold.

Vanquished Creatures
  An orc priest (D:3)
  An adder (D:2)
  8 orcs
  3 bats (D:1)
  5 endoplasms
  2 giant cockroaches
  5 goblins
  3 hobgoblins
  3 jackals (D:2)
  3 kobolds (D:1)
  3 quokkas
  3 ball pythons
  A frilled lizard (D:1)
  2 rats
43 creatures vanquished.

Notes
Turn   | Place    | Note
-------+----------+-------------------------------------------
     0 | D:1      | Descartes the Deep Elf Conjurer began the quest for the
                  | Orb.
     0 | D:1      | Reached XP level 1. HP: 10/10 MP: 6/6
   145 | D:1      | Found a faded altar of an unknown god.
   398 | D:1      | Reached XP level 2. HP: 15/15 MP: 6/8
  1260 | D:2      | Reached XP level 3. HP: 19/19 MP: 8/10
  1491 | D:2      | Reached skill level 5 in Conjurations
  1841 | D:3      | Reached XP level 4. HP: 19/24 MP: 3/12
  2024 | D:3      | Slain by an iguana

Illustrated notes

Levels and vault maps discovered:
D:1:      dpeg_arrival_radiant, layout_basic, chequers_ecumenical_altar_island
D:2:      layout_loops_ring, dreamdust_princess_bridge
D:3:      layout_basic, general_overflow_altar, hangedman_glass_teeth,
          minmay_crystal_water, uniq_ijyb

Skill      XL: |  1  2  3 |
---------------+----------+-----
Spellcasting   | 4 |  4.6
Dodging        | 3 |  3.3
Conjurations   | 5 |  5.3
Stealth        | |  2.4

Action                     |  1- 3 |  4- 6 || total
---------------------------+-------+-------++-------
  Melee: Unarmed           |     8 |       ||     8
   Cast: Magic Dart        |    65 |    21 ||    86
   Stab: Sleeping          |     1 |       ||     1
 Armour: Robe              |     7 |     2 ||     9
  Dodge: Dodged            |    17 |    17 ||    34
